[Event "Titled Tuesday Blitz March 28 Late 2023"]
[White "Estremera Panos, Sergio"]
[Black "Rottenwohrer Suarez, Juan"]
[WhiteFideId "2200864"]
[BlackFideId "32068182"]
[WhiteElo "2253"]
[BlackElo "2174"]
[Result "1-0"]
[Round "09"]
[TimeControl "180+2"]
[Date "2023.03.28"]
[WhiteClock "0:00:12"]
[BlackClock "0:00:03"]

1. d4 d5 2. c4 e6 3. Nc3 h6 4. Nf3 Nf6 5. Bf4 Bd6 6. Bxd6 Qxd6 7. e3 O-O 8. Bd3 dxc4 9. Bxc4 a6 10. O-O b5 11. Bd3 Bb7 12. e4 Qb6 13. Re1 c5 14. dxc5 Qxc5 15. e5 Ng4 16. Qe2 Nd7 17. Be4 Bxe4 18. Nxe4 Qb6 19. Nc3 b4 20. Na4 Qb5 21. b3 h5 22. Rac1 Rfd8 23. Qe4 g6 24. h3 Nh6 25. Red1 Nb6 26. Rxd8+ Rxd8 27. Rc5 Nxa4 28. Rxb5 Nc3 29. Qe3 Nf5 30. Qb6 Rd1+ 31. Kh2 axb5 32. Ng5 Rd2 33. Qc7 Nh6 34. Qe7 Rxa2 35. Qxb4 Nd5 36. Qxb5 Rxf2 37. Qe8+ Kg7 38. Nxe6+ fxe6 39. Qxe6 Ne3 40. Qd7+ Kg8 41. Qc8+ Kg7 42. Qc7+ Nf7 43. e6 Rxg2+ 44. Kh1 Rf2 45. exf7 Rxf7 46. Qc3+ 1-0


[Site "https://www.chess.com"]

[Event "Titled Tuesday Blitz March 28 Late 2023"]
[White "Torrente, Alejandro Josue"]
[Black "Zampronha, Wladimir Camilo"]
[WhiteFideId "4437969"]
[BlackFideId "2103087"]
[WhiteElo "2025"]
[BlackElo "2176"]
[Result "0-1"]
[Round "09"]
[TimeControl "180+2"]
[Date "2023.03.28"]
[WhiteClock "0:00:07"]
[BlackClock "0:00:56"]

1. e4 c5 2. Nf3 e6 3. d4 cxd4 4. Nxd4 Nc6 5. Nxc6 bxc6 6. c4 Nf6 7. Bd3 e5 8. Be3 Qa5+ 9. Nc3 Rb8 10. Qc2 Bc5 11. Bxc5 Qxc5 12. O-O O-O 13. a3 d6 14. b4 Qb6 15. c5 Qc7 16. cxd6 Qxd6 17. Na4 a5 18. bxa5 Qc7 19. Nb6 Nd7 20. Nxd7 Bxd7 21. Qc3 Ra8 22. a6 Bc8 23. Rfc1 Bxa6 24. Bxa6 Rxa6 25. Rab1 Rfa8 26. Rb3 g6 27. h3 Ra4 28. f3 Qa7+ 29. Kh2 Rxa3 30. Rxa3 Qxa3 31. Qxc6 Qa6 32. Qd5 Re8 33. Rc7 Qf6 34. Kg1 Rb8 35. Qc4 Kg7 36. Qc2 Qf4 37. Qa2 Rd8 38. Rc2 Rd1+ 39. Kf2 Qh4+ 40. g3 Qxh3 41. Rc7 Qf1+ 42. Ke3 Re1+ 43. Kd2 Re2+ 44. Kc3 Rxa2 0-1


[Site "https://www.chess.com"]

[Event "Titled Tuesday Blitz March 28 Late 2023"]
[White "Rios Escobar, Adan"]
[Black "Lalanne, Pablo"]
[WhiteFideId "3403645"]
[BlackFideId "112151"]
[WhiteElo "2409"]
[BlackElo "2120"]
[Result "1-0"]
[Round "09"]
[TimeControl "180+2"]
[Date "2023.03.28"]
[WhiteClock "0:02:00"]
[BlackClock "0:01:39"]

1. d4 d5 2. g3 e6 3. Bg2 c5 4. Nf3 Nc6 5. O-O Nf6 6. c4 Be7 7. cxd5 exd5 8. dxc5 Bxc5 9. a3 a6 10. b4 Ba7 11. Bb2 O-O 12. Nc3 Re8 13. Rc1 Bg4 14. h3 Bh5 15. g4 Bg6 16. e3 Qd6 17. Ne2 Ne4 18. Nf4 Nxf2 19. Rxf2 Bxe3 20. Nxd5 Qg3 21. Nxe3 Rxe3 22. Rxc6 bxc6 23. Qd4 1-0


[Site "https://www.chess.com"]

[Event "Titled Tuesday Blitz March 28 Late 2023"]
[White "Lorenzo De La Riva, Lazaro"]
[Black "Dubreuil, Julien"]
[WhiteFideId "2268809"]
[BlackFideId "621285"]
[WhiteElo "2294"]
[BlackElo "2286"]
[Result "0-1"]
[Round "09"]
[TimeControl "180+2"]
[Date "2023.03.28"]
[WhiteClock "0:00:06"]
[BlackClock "0:00:09"]

1. d4 Nf6 2. Bf4 c5 3. d5 Qb6 4. Qc1 Nxd5 5. Bg3 Nf6 6. c4 Nc6 7. Nc3 g6 8. Nf3 Bg7 9. h4 h6 10. e3 O-O 11. Bd3 Nb4 12. Bb1 d5 13. O-O dxc4 14. Ne5 Be6 15. a3 Nc6 16. Na4 Qb5 17. Nc3 Qa5 18. Nxc6 bxc6 19. Be5 Nd5 20. Bxg7 Kxg7 21. Ne4 Rab8 22. h5 Qb5 23. Ba2 Nb6 24. hxg6 fxg6 25. Nc3 Qa6 26. Qc2 Qc8 27. Qe4 Rf7 28. Qe5+ Kh7 29. Qxc5 Nd7 30. Qd4 Rxb2 31. Ne4 Rb6 32. Bxc4 c5 33. Qc3 Bxc4 34. Qxc4 Ne5 35. Qc3 Qf5 36. Ng3 Qg5 37. Rad1 c4 38. f4 Qxg3 39. Qxe5 Rc6 40. Rd8 Rg7 41. Qe4 Rd6 42. Rxd6 exd6 43. Qxc4 Qxe3+ 44. Kh1 Qc5 45. Qd3 d5 46. Rd1 Qc4 47. Qf3 Rf7 48. Qxd5 Qxf4 49. Qd4 Qf5 50. Qh4 h5 51. Re1 a5 52. Qc4 Qf4 53. Qxf4 Rxf4 54. Re3 Ra4 55. Rc3 Kh6 56. Kh2 Kg5 57. Kg3 h4+ 58. Kh3 Kh5 59. Rc5+ g5 60. Rc3 g4+ 61. Kh2 Kg5 62. Rc5+ Kf4 63. Rc3 Re4 64. Rc5 a4 65. Ra5 Rd4 66. Ra7 Ke3 67. Re7+ Kd3 68. Rh7 Kc3 69. Rxh4 Kb3 70. Rh8 Kxa3 71. Rb8 Ka2 72. Ra8 a3 73. Kg3 Kb2 74. Rb8+ Ka1 75. Ra8 a2 76. Rb8 Rd2 77. Kxg4 Rxg2+ 78. Kf3 Rb2 79. Rh8 Kb1 80. Rh1+ Kc2 81. Rh2+ Kc3 82. Rh8 a1=Q 83. Rc8+ Kb3 84. Rb8+ Kc2 85. Rc8+ Kb1 86. Rc3 Rc2 87. Rb3+ Kc1 88. Re3 Rc3 89. Ke2 Rxe3+ 90. Kxe3 Qc3+ 0-1


[Site "https://www.chess.com"]

[Event "Titled Tuesday Blitz March 28 Late 2023"]
[White "Muhammad, Shahzeb"]
[Black "Nikolova, Adriana"]
[WhiteFideId "7804806"]
[BlackFideId "2908689"]
[WhiteElo "2279"]
[BlackElo "2213"]
[Result "1-0"]
[Round "09"]
[TimeControl "180+2"]
[Date "2023.03.28"]
[WhiteClock "0:00:12"]
[BlackClock "0:00:02"]

1. d4 d5 2. Nf3 Nf6 3. g3 e6 4. Bg2 Be7 5. O-O O-O 6. c4 dxc4 7. Nc3 a6 8. Ne5 Nc6 9. Bxc6 bxc6 10. e3 c5 11. dxc5 Bxc5 12. Nxc4 Nd5 13. Nxd5 exd5 14. Ne5 Bh3 15. Re1 Qf6 16. Nd3 Bd6 17. Bd2 Qf5 18. Nf4 Bxf4 19. exf4 d4 20. Qf3 Rab8 21. b3 Rfe8 22. Qc6 Rxe1+ 23. Rxe1 Rf8 24. Bb4 g6 25. Bxf8 Kxf8 26. Qe8+ Kg7 27. Qe5+ Qxe5 28. fxe5 d3 29. Re3 Bf5 30. Kf1 g5 31. Ke1 Kf8 32. Kd2 Ke7 33. f4 gxf4 34. gxf4 Ke6 35. Re1 c5 36. Ke3 Kd5 37. Rc1 Bg6 38. Rd1 a5 39. Rd2 Bf5 40. a3 Bg6 41. Rg2 c4 42. bxc4+ Kxc4 43. Rf2 Bf5 44. Rg2 Kc3 45. Rd2 Kb3 46. Rxd3+ Bxd3 47. Kxd3 Kxa3 48. f5 a4 49. e6 fxe6 50. fxe6 Kb2 51. e7 a3 52. e8=Q a2 53. Qe5+ Kb1 54. Qe1+ Kb2 55. Qb4+ Kc1 56. Qc3+ Kb1 57. Qb3+ Kc1 58. Qa3+ Kb1 59. Kd2 a1=Q 60. Qc1+ Ka2 61. Qc2+ Qb2 62. h4 1-0


[Site "https://www.chess.com"]

[Event "Titled Tuesday Blitz March 28 Late 2023"]
[White "Osmonbekov, Talaibek"]
[Black "Przybylski, Wojciech"]
[WhiteFideId "2017253"]
[BlackFideId "1117599"]
[WhiteElo "2135"]
[BlackElo "2222"]
[Result "0-1"]
[Round "09"]
[TimeControl "180+2"]
[Date "2023.03.28"]
[WhiteClock "0:00:08"]
[BlackClock "0:01:23"]

1. d4 Nf6 2. Bf4 b6 3. Nc3 Bb7 4. e3 e6 5. Nf3 Be7 6. Be2 O-O 7. O-O c5 8. a4 Nc6 9. Re1 a6 10. Qd2 Rc8 11. h3 Nb4 12. a5 cxd4 13. Nxd4 d6 14. Bf3 Bxf3 15. Nxf3 e5 16. Bg5 bxa5 17. Ra4 Qb6 18. Rea1 Rxc3 19. bxc3 Ne4 20. Qc1 Nxc3 21. Bxe7 Ne2+ 22. Kh1 Nxc1 23. Bxf8 Ne2 24. Be7 f6 25. Rxa5 Kf7 0-1


[Site "https://www.chess.com"]

[Event "Titled Tuesday Blitz March 28 Late 2023"]
[White "Kornyukov, Alexey"]
[Black "Buchenau, Frank"]
[WhiteFideId "4150457"]
[BlackFideId "4604350"]
[WhiteElo "2352"]
[BlackElo "2157"]
[Result "1-0"]
[Round "09"]
[TimeControl "180+2"]
[Date "2023.03.28"]
[WhiteClock "0:00:23"]
[BlackClock "0:01:50"]

1. d4 e6 2. c4 Nf6 3. Nc3 Bb4 4. f3 Nc6 5. e4 d5 6. cxd5 exd5 7. e5 Nd7 8. f4 Nb6 9. Nf3 Bf5 10. Bd3 Qd7 11. O-O O-O 12. a3 Bxc3 13. bxc3 Ne7 14. Nh4 Bxd3 15. Qxd3 f5 16. exf6 Rxf6 17. f5 Raf8 18. Bg5 R6f7 19. f6 gxf6 20. Bh6 Re8 21. Qg3+ Kh8 22. Rxf6 Rg8 23. Qf2 Rfg7 24. Bxg7+ Kxg7 25. Rf7+ 1-0


[Site "https://www.chess.com"]

[Event "Titled Tuesday Blitz March 28 Late 2023"]
[White "dorpato"]
[Black "sissahungrychess"]
[WhiteElo "2074"]
[BlackElo "2386"]
[Result "0-1"]
[Round "09"]
[TimeControl "180+2"]
[Date "2023.03.28"]
[WhiteClock "0:00:03"]
[BlackClock "0:00:57"]

1. d4 Nf6 2. c4 e6 3. Nf3 d5 4. Nc3 Be7 5. Bf4 O-O 6. e3 a6 7. c5 Nc6 8. a3 Nh5 9. Bd3 a5 10. Ne5 Nxf4 11. exf4 Nxd4 12. Bxh7+ Kxh7 13. Qxd4 Kg8 14. O-O b6 15. b4 Ba6 16. Nc6 Qe8 17. Nxe7+ Qxe7 18. b5 bxc5 19. Qe5 Bb7 20. a4 Qd6 21. Qg5 d4 22. Ne2 c6 23. Ng3 f6 24. Qg6 cxb5 25. Nh5 Rf7 26. axb5 Qd5 27. Rfe1 c4 28. Rad1 d3 29. Re3 Qf5 30. Qxf5 exf5 31. Ng3 g6 32. Nf1 Rd7 33. Nd2 c3 34. Nb3 a4 35. Nc5 c2 36. Rf1 d2 37. Nxd7 d1=Q 38. Nxf6+ Kf7 39. Ree1 Rd8 40. Nh7 c1=Q 41. Ng5+ Kg8 0-1


[Site "https://www.chess.com"]

[Event "Titled Tuesday Blitz March 28 Late 2023"]
[White "Zavortink, Matt"]
[Black "Pirvulescu, Ekaterina"]
[WhiteFideId "2034263"]
[BlackFideId "13506374"]
[WhiteElo "2364"]
[BlackElo "2006"]
[Result "1-0"]
[Round "09"]
[TimeControl "180+2"]
[Date "2023.03.28"]
[WhiteClock "0:00:20"]
[BlackClock "0:00:04"]

1. c4 e5 2. Nc3 Nc6 3. Nf3 Nf6 4. e4 Bc5 5. Nxe5 Nxe5 6. d4 Bxd4 7. Qxd4 d6 8. Be2 O-O 9. O-O h6 10. f3 Be6 11. Be3 Qe7 12. Rac1 Rfd8 13. Nd5 Bxd5 14. cxd5 c5 15. dxc6 Nxc6 16. Qa4 d5 17. Bc5 Qe5 18. Bb5 dxe4 19. fxe4 Qxe4 20. Bc4 Rd2 21. Bxf7+ Kh8 22. Qxe4 Nxe4 23. Ba3 Nd4 24. Bh5 Kh7 25. Rcd1 Rxd1 26. Rxd1 Nb5 27. Bb4 a5 28. Be1 Nf6 29. Bf3 Rb8 30. a4 Nc7 31. Bg3 Nfe8 32. Rd7 1-0


[Site "https://www.chess.com"]

[Event "Titled Tuesday Blitz March 28 Late 2023"]
[White "Fajdetic, Hrvoje"]
[Black "Nery Junior, Jose Antonio"]
[WhiteFideId "14501945"]
[BlackFideId "2104822"]
[WhiteElo "2185"]
[BlackElo "2197"]
[Result "0-1"]
[Round "09"]
[TimeControl "180+2"]
[Date "2023.03.28"]
[WhiteClock "0:00:01"]
[BlackClock "0:00:13"]

1. f4 e5 2. fxe5 d6 3. exd6 Bxd6 4. Nf3 Bg4 5. d4 Bxf3 6. exf3 Qh4+ 7. Ke2 Nf6 8. Nc3 O-O 9. Be3 Re8 10. Qd3 Nc6 11. Kd2 Nb4 12. Qc4 Rxe3 13. Kxe3 Nxc2+ 14. Kd2 Nxa1 15. Bd3 Qf2+ 16. Ne2 Qxg2 17. Rxa1 Qxf3 18. Kc2 Re8 19. Rd1 Nd5 20. Ng1 Qxd1+ 21. Kxd1 Ne3+ 22. Kd2 Nxc4+ 23. Bxc4 Bxh2 24. Nf3 Bf4+ 25. Kd3 Re7 26. b4 Kf8 27. a4 f6 28. a5 c6 29. Nh4 g6 30. Ng2 g5 31. a6 b6 32. d5 cxd5 33. Bxd5 Rd7 34. Ke4 Ke7 35. b5 Rc7 36. Bc6 Kd6 37. Nxf4 gxf4 38. Bd5 Rc5 0-1


[Site "https://www.chess.com"]

[Event "Titled Tuesday Blitz March 28 Late 2023"]
[White "Kohler, Aran"]
[Black "Narva, Triin"]
[WhiteFideId "1002856"]
[BlackFideId "4502680"]
[WhiteElo "2305"]
[BlackElo "1944"]
[Result "1-0"]
[Round "09"]
[TimeControl "180+2"]
[Date "2023.03.28"]
[WhiteClock "0:00:14"]
[BlackClock "0:00:01"]

1. d4 d5 2. Nf3 c5 3. e3 Nc6 4. c4 cxd4 5. exd4 Nf6 6. Nc3 Bg4 7. Be3 e6 8. Qb3 Qb6 9. c5 Qxb3 10. axb3 a6 11. Be2 Be7 12. O-O Kf8 13. Na4 h6 14. Nb6 Rd8 15. h3 Bf5 16. Rfc1 g5 17. g4 Bg6 18. Ne5 Nxe5 19. dxe5 Nd7 20. c6 bxc6 21. Rxa6 Nxe5 22. Bd4 Bd6 23. Ra7 f6 24. Bxe5 Bxe5 25. Nd7+ Rxd7 26. Rxd7 Be8 27. Rd8 Ke7 28. Ra8 Bxb2 29. Rxc6 Bxc6 30. Rxh8 d4 31. Rxh6 Be4 32. Rh8 Bc2 33. Rc8 d3 34. Bf3 Bd4 35. b4 e5 36. b5 Bb6 37. Rc6 Ba5 38. b6 Ba4 39. b7 1-0


[Site "https://www.chess.com"]

[Event "Titled Tuesday Blitz March 28 Late 2023"]
[White "Sarkar, Justin"]
[Black "Manu_ChessExcelsior"]
[WhiteFideId "2010011"]
[WhiteElo "2189"]
[BlackElo "2114"]
[Result "1/2-1/2"]
[Round "09"]
[TimeControl "180+2"]
[Date "2023.03.28"]
[WhiteClock "0:00:05"]
[BlackClock "0:00:18"]

1. e4 c5 2. Nf3 Nc6 3. Bb5 g6 4. O-O Bg7 5. Re1 e5 6. b4 d6 7. bxc5 dxc5 8. Bb2 Qc7 9. Nc3 Ne7 10. Nd5 Qd6 11. Nxe7 Qxe7 12. Bxc6+ bxc6 13. d3 O-O 14. Qd2 Rb8 15. Ba3 Rd8 16. Qe3 Bf8 17. Rab1 Be6 18. Rxb8 Rxb8 19. Nxe5 Qd6 20. Nc4 Qe7 21. Qf4 Rb5 22. Bc1 Bg7 23. Bd2 h5 24. a4 Rb7 25. Be3 Bc3 26. Rc1 Rb4 27. Qd6 Qxd6 28. Nxd6 Rxa4 29. Bxc5 a5 30. Kf1 Ra2 31. Ke2 a4 32. Kd1 a3 33. Nc4 Bxc4 34. dxc4 Bb2 35. Rb1 Ra1 36. Rxa1 Bxa1 37. Bxa3 Bd4 38. Ke2 Kg7 39. h3 Kf6 40. f4 Ke6 41. g4 hxg4 42. hxg4 Bb6 43. Kd3 Bc7 44. e5 g5 45. Ke4 gxf4 46. Kxf4 Bxe5+ 47. Ke4 Bf6 48. Bb4 Bb2 49. Bd2 Bf6 50. Be3 Bg7 51. Bd4 Bf8 52. Be5 Bc5 53. c3 Bb6 54. Bd4 Bc7 55. Be3 Bd6 56. Bd4 Be7 57. c5 Bd8 58. c4 Be7 59. Be3 Bf8 60. Bd4 Be7 61. Be3 Bf8 62. Bd4 Be7 1/2-1/2


[Site "https://www.chess.com"]

[Event "Titled Tuesday Blitz March 28 Late 2023"]
[White "Escanor89"]
[Black "Dahlgren, James Allen"]
[BlackFideId "22256873"]
[WhiteElo "2478"]
[BlackElo "2200"]
[Result "1-0"]
[Round "09"]
[TimeControl "180+2"]
[Date "2023.03.28"]
[WhiteClock "0:00:26"]
[BlackClock "0:00:06"]

1. e4 e6 2. d4 c5 3. d5 Nf6 4. Nc3 d6 5. h3 Be7 6. Nf3 O-O 7. Be2 e5 8. O-O a6 9. a4 g6 10. Nd2 Ne8 11. Nc4 f5 12. a5 f4 13. Bg4 Nd7 14. Na4 Ndf6 15. Be6+ Kg7 16. Nab6 Bxe6 17. dxe6 Rb8 18. b4 Nxe4 19. Re1 Nc3 20. Qd2 cxb4 21. Nd7 Nf6 22. Nxb8 Qxb8 23. Bb2 Nfe4 24. Qd3 d5 25. Bxc3 Nxc3 26. Nxe5 Qd6 27. Nd7 Re8 28. Qd4+ Kg8 29. Nf6+ Bxf6 30. Qxf6 Qxe6 31. Rxe6 1-0


[Site "https://www.chess.com"]

[Event "Titled Tuesday Blitz March 28 Late 2023"]
[White "Kubatko, Ivan"]
[Black "Stanisz, Patryk"]
[WhiteFideId "24111473"]
[BlackFideId "1123106"]
[WhiteElo "2285"]
[BlackElo "2069"]
[Result "1-0"]
[Round "09"]
[TimeControl "180+2"]
[Date "2023.03.28"]
[WhiteClock "0:00:14"]
[BlackClock "0:00:23"]

1. e4 c5 2. Nc3 Nc6 3. f4 g6 4. Nf3 Bg7 5. Bc4 e6 6. f5 Nge7 7. fxe6 fxe6 8. d3 O-O 9. O-O d5 10. Bb3 Nd4 11. Nxd4 cxd4 12. Ne2 Rxf1+ 13. Qxf1 dxe4 14. dxe4 d3 15. cxd3 Qxd3 16. Bg5 Nc6 17. Rd1 Qxe4 18. Ng3 Qe5 19. Bf4 Qc5+ 20. Kh1 Nd4 21. Ne4 Qc6 22. Qd3 Nxb3 23. Qd8+ Bf8 24. Bh6 Bd7 25. Qxa8 Be8 26. Nf6+ Kf7 27. Qxe8+ Qxe8 28. Nxe8 Bxh6 29. Nd6+ Ke7 30. axb3 b6 31. Nc8+ Kf6 32. Nxa7 Be3 33. Nb5 1-0


[Site "https://www.chess.com"]

[Event "Titled Tuesday Blitz March 28 Late 2023"]
[White "Khatena, Moshe"]
[Black "Ozalp, Burak"]
[WhiteFideId "2010461"]
[BlackFideId "6314210"]
[WhiteElo "2162"]
[BlackElo "2106"]
[Result "1-0"]
[Round "09"]
[TimeControl "180+2"]
[Date "2023.03.28"]
[WhiteClock "0:00:27"]
[BlackClock "0:00:06"]

1. e4 e5 2. Bc4 Nf6 3. Nf3 Nc6 4. d3 h6 5. Nc3 Bc5 6. O-O d6 7. Ne2 Bg4 8. Ng3 Nd4 9. Be3 Nxf3+ 10. gxf3 Bh3 11. Re1 Qd7 12. d4 exd4 13. Bxd4 Bxd4 14. Qxd4 O-O 15. Rad1 Rad8 16. Qe3 Qa4 17. Bb3 Qa5 18. Qf4 Qe5 19. Qh4 Be6 20. c3 Kh7 21. Bxe6 fxe6 22. f4 Qb5 23. f5 Qxb2 24. Re2 Qxc3 25. fxe6 g5 26. Qh3 Qe5 27. Nf5 Ng8 28. e7 Nxe7 29. Qxh6+ Kg8 30. Qxg5+ Kf7 31. Qh5+ Ke6 32. Qh3 Rg8+ 33. Kh1 Kf6 34. f4 Qxf4 35. Rf1 Qg4 36. Nh6+ Ke6 37. Nxg4 1-0


[Site "https://www.chess.com"]

[Event "Titled Tuesday Blitz March 28 Late 2023"]
[White "Jimenez, Joaquin"]
[Black "Barria Santos, Jose Guilherme"]
[WhiteFideId "109860"]
[BlackFideId "1939300"]
[WhiteElo "2163"]
[BlackElo "2301"]
[Result "1-0"]
[Round "09"]
[TimeControl "180+2"]
[Date "2023.03.28"]
[WhiteClock "0:00:20"]
[BlackClock "0:00:02"]

1. c4 Nf6 2. Nc3 g6 3. d4 Bg7 4. e4 d6 5. Nf3 O-O 6. Be3 e5 7. dxe5 dxe5 8. Qxd8 Rxd8 9. Nd5 Nxd5 10. cxd5 Nd7 11. Rc1 Nf6 12. Bg5 c6 13. dxc6 h6 14. Bxf6 Bxf6 15. Bb5 bxc6 16. Bxc6 Rb8 17. b3 Ba6 18. Bd5 Rbc8 19. Kd2 g5 20. h3 h5 21. Rxc8 Rxc8 22. Rc1 Rd8 23. Rc7 g4 24. hxg4 hxg4 25. Nh2 Bg5+ 26. Kc3 g3 27. fxg3 Rb8 28. Rxf7 Kh8 29. Rc7 Rg8 30. Ng4 Rf8 31. Kb4 Be2 32. Nxe5 1-0


[Site "https://www.chess.com"]

[Event "Titled Tuesday Blitz March 28 Late 2023"]
[White "Adel, Sara"]
[Black "Prieto Aranguren, Alain"]
[WhiteFideId "10616764"]
[BlackFideId "2268906"]
[WhiteElo "1982"]
[BlackElo "2209"]
[Result "1-0"]
[Round "09"]
[TimeControl "180+2"]
[Date "2023.03.28"]
[WhiteClock "0:01:54"]
[BlackClock "0:01:48"]

1. e4 c6 2. d4 d5 3. Nc3 dxe4 4. Nxe4 h6 5. Nf3 Bg4 6. Bc4 e6 7. Be3 Nf6 8. Ng3 Nd5 9. h3 Bxf3 10. Qxf3 Bb4+ 11. c3 Be7 12. O-O-O a5 13. Nh5 Bf6 14. g4 a4 15. g5 hxg5 16. Bxd5 cxd5 17. Rdg1 Nc6 18. h4 gxh4 19. Nxg7+ Ke7 20. Qxf6+ Kxf6 21. Bg5+ Kxg7 22. Be7+ Kh7 23. Rxh4# 1-0


[Site "https://www.chess.com"]

[Event "Titled Tuesday Blitz March 28 Late 2023"]
[White "Matute Escobar, Roxanny"]
[Black "Kiselev, Pavel"]
[WhiteFideId "3926028"]
[BlackFideId "4191102"]
[WhiteElo "1732"]
[BlackElo "2145"]
[Result "1-0"]
[Round "09"]
[TimeControl "180+2"]
[Date "2023.03.28"]
[WhiteClock "0:01:07"]
[BlackClock "0:00:39"]

1. e4 c5 2. Nf3 Nc6 3. d4 cxd4 4. Nxd4 g6 5. Nc3 Bg7 6. Be3 Nf6 7. Bc4 O-O 8. Bb3 d6 9. f3 Bd7 10. Qd2 Nxd4 11. Bxd4 b5 12. h4 a5 13. h5 Nxh5 14. Rxh5 gxh5 15. Bxg7 Kxg7 16. Qg5+ Kh8 17. Nd5 e6 18. Nf6 Rg8 19. Qh6 Rg7 20. a3 b4 21. O-O-O Bb5 22. Rh1 Qb6 23. Qxh5 Qe3+ 24. Kb1 Qg5 25. Qxh7+ Rxh7 26. Rxh7# 1-0


[Site "https://www.chess.com"]

[Event "Titled Tuesday Blitz March 28 Late 2023"]
[White "Oliveira, Tiago Batista"]
[Black "Mendez Machado, Andre"]
[WhiteFideId "2108291"]
[BlackFideId "6603793"]
[WhiteElo "1962"]
[BlackElo "1984"]
[Result "0-1"]
[Round "09"]
[TimeControl "180+2"]
[Date "2023.03.28"]
[WhiteClock "0:00:01"]
[BlackClock "0:00:08"]

1. d4 Nf6 2. c4 e6 3. Nf3 Bb4+ 4. Bd2 a5 5. g3 d5 6. Bg2 dxc4 7. O-O O-O 8. Qc2 Bxd2 9. Nbxd2 b5 10. e4 Bb7 11. Rad1 Nc6 12. e5 Nd5 13. Ne4 Rb8 14. Neg5 g6 15. Qe4 h6 16. Nxe6 fxe6 17. Qxg6+ Kh8 18. Qxh6+ Kg8 19. Qxe6+ Rf7 20. Nh4 Nde7 21. d5 Bc8 22. Qh6 Nxe5 23. Be4 Nf5 24. Nxf5 Bxf5 25. Qe3 Bxe4 26. Qxe4 Nf3+ 27. Kg2 Qf6 28. Qg4+ Qg7 29. Qe4 Rbf8 30. d6 Ng5 31. Qd5 cxd6 32. f4 Nh7 33. Qxd6 Nf6 34. Qc5 Ng4 35. Rd6 Re8 36. Rf3 Nf6 37. Qd4 Ne4 38. Rd5 Qxd4 39. Rxd4 Rfe7 40. f5 Nf6 41. Rff4 Re2+ 42. Kh3 Rxb2 43. g4 Re3+ 44. Kh4 Rxh2+ 45. Kg5 Kf7 46. Rd6 Ne4+ 47. Rxe4 Rxe4 48. Rd7+ Re7 49. Rd6 c3 50. Rc6 c2 51. f6 Re5+ 52. Kf4 Re6 53. Rc7+ Kxf6 54. g5+ Kg6 55. Rc5 b4 56. Kg4 Re1 0-1


[Site "https://www.chess.com"]

[Event "Titled Tuesday Blitz March 28 Late 2023"]
[White "Araujo, Everson De Moura"]
[Black "Necula, Iulian"]
[WhiteFideId "22737197"]
[BlackFideId "1232380"]
[WhiteElo "2035"]
[BlackElo "1790"]
[Result "1-0"]
[Round "09"]
[TimeControl "180+2"]
[Date "2023.03.28"]
[WhiteClock "0:00:21"]
[BlackClock "0:00:46"]

1. d4 d6 2. Nc3 g6 3. e4 c6 4. f4 b5 5. e5 Bg7 6. Nf3 b4 7. Ne4 Bb7 8. Bd3 f5 9. Neg5 Bc8 10. e6 Nh6 11. Bc4 d5 12. Bd3 O-O 13. Qe2 Qd6 14. O-O Rf6 15. Re1 Na6 16. Bxa6 Bxa6 17. Qxa6 Ng4 18. h3 Nh6 19. Qb7 Rff8 20. Ne5 c5 21. Nef7 Qb6 22. Qxd5 Bxd4+ 23. Kh1 Bf6 24. Nxh6+ Kg7 25. Nhf7 h6 26. Be3 hxg5 27. fxg5 Bd4 28. Bxd4+ cxd4 29. Rad1 b3 30. Qe5+ Kg8 31. Qh8# 1-0


[Site "https://www.chess.com"]

[Event "Titled Tuesday Blitz March 28 Late 2023"]
[White "Torres Dominguez, David"]
[Black "Bongo Akanga Ndjila, Barthelemy"]
[WhiteFideId "2220857"]
[BlackFideId "10609431"]
[WhiteElo "1999"]
[BlackElo "1768"]
[Result "1-0"]
[Round "09"]
[TimeControl "180+2"]
[Date "2023.03.28"]
[WhiteClock "0:01:29"]
[BlackClock "0:00:40"]

1. e4 e6 2. d4 d5 3. exd5 exd5 4. Bd3 Bd6 5. Qf3 Ne7 6. Bf4 Bxf4 7. Qxf4 O-O 8. Nc3 Nd7 9. Nge2 c6 10. O-O Nf6 11. h3 Ng6 12. Bxg6 hxg6 13. Rfe1 Bf5 14. Qd2 Re8 15. Ng3 Bd7 16. Rxe8+ Bxe8 17. a3 b6 18. Re1 Bd7 19. Qf4 Qf8 20. Qc7 Re8 21. Rd1 Ra8 22. Re1 Re8 23. Rd1 Ra8 24. h4 Bg4 25. f3 Bd7 26. Re1 Re8 27. Rxe8 Qxe8 28. Kf2 c5 29. dxc5 d4 30. Nce4 Nxe4+ 31. Nxe4 f5 32. Nd6 Qe3+ 33. Kf1 Qc1+ 34. Kf2 Qe3+ 35. Kg3 f4+ 36. Kh2 Qe6 37. Qd8+ Kh7 38. Nf7 Qe8 39. Qxe8 Bxe8 40. Ng5+ Kg8 41. cxb6 axb6 42. Ne6 d3 43. cxd3 Bb5 44. Nxf4 Kf7 45. Kg3 Kf6 46. Kf2 Kf5 47. g3 g5 48. hxg5 Kxg5 49. Ke3 Kf5 50. Nd5 g5 51. g4+ Ke5 52. Nxb6 Bc6 53. Nc4+ Ke6 54. d4 Bd5 55. Nd2 Ba2 56. Ne4 Bb1 57. Nxg5+ 1-0


[Site "https://www.chess.com"]

[Event "Titled Tuesday Blitz March 28 Late 2023"]
[White "Maluco_do_Natal_00"]
[Black "Pein, Jonathan"]
[BlackFideId "417092"]
[WhiteElo "2027"]
[BlackElo "2151"]
[Result "0-1"]
[Round "09"]
[TimeControl "180+2"]
[Date "2023.03.28"]
[WhiteClock "0:00:02"]
[BlackClock "0:00:33"]

1. e4 e5 2. Nf3 d6 3. d4 exd4 4. Nxd4 Nf6 5. Nc3 g6 6. Be3 Bg7 7. Be2 O-O 8. Qd2 Re8 9. f3 d5 10. exd5 Nxd5 11. Nxd5 Qxd5 12. c3 Qe5 13. Kf2 Rd8 14. Bf4 Qc5 15. b4 Qb6 16. Be3 Nc6 17. Nxc6 Rxd2 18. Ne7+ Kf8 19. Bxb6 axb6 20. Nxc8 Rxc8 21. Rhd1 Rxd1 22. Rxd1 Bxc3 23. b5 Ra8 24. Bc4 Ke7 25. Rd3 Bb4 26. f4 Bc5+ 27. Kf3 h5 28. h3 h4 29. Rd5 Bd6 30. f5 g5 31. Rd2 Ra4 32. Re2+ Kf6 33. Re4 Rb4 34. a3 Ra4 35. Bd5 Rxa3+ 36. Re3 Ra5 37. Bxb7 Rxb5 38. Bc8 Be5 39. Bd7 Rd5 40. Bc6 Rd8 41. Rb3 Rd6 42. Be4 c5 43. g4 hxg3 44. Kg4 Rd4 45. Re3 b5 46. Re2 b4 47. Kf3 c4 0-1


[Site "https://www.chess.com"]

[Event "Titled Tuesday Blitz March 28 Late 2023"]
[White "dDobravcan"]
[Black "Burke, Paul"]
[BlackFideId "2605767"]
[WhiteElo "2131"]
[BlackElo "1945"]
[Result "1-0"]
[Round "09"]
[TimeControl "180+2"]
[Date "2023.03.28"]
[WhiteClock "0:01:04"]
[BlackClock "0:00:05"]

1. e4 e5 2. Nf3 Nc6 3. Bb5 f5 4. d3 Nf6 5. Nbd2 Be7 6. O-O O-O 7. Bxc6 dxc6 8. Nxe5 Bd6 9. Nec4 Ng4 10. Nf3 f4 11. e5 Bc5 12. d4 Bb6 13. a4 a6 14. Nxb6 cxb6 15. Re1 Be6 16. Qd3 Qe8 17. h3 Nh6 18. Ng5 Bf5 19. Qb3+ Kh8 20. Bxf4 Qh5 21. e6 Rae8 22. Re3 Rf6 23. Rae1 Rg6 24. Nf7+ Nxf7 25. exf7 Rf8 26. Re8 1-0


[Site "https://www.chess.com"]

[Event "Titled Tuesday Blitz March 28 Late 2023"]
[White "Vargas, Mauricio"]
[Black "Toma, Katarzyna"]
[WhiteFideId "4404572"]
[BlackFideId "1119907"]
[WhiteElo "2025"]
[BlackElo "2149"]
[Result "0-1"]
[Round "09"]
[TimeControl "180+2"]
[Date "2023.03.28"]
[WhiteClock "0:00:10"]
[BlackClock "0:00:09"]

1. e4 e5 2. Nf3 Nc6 3. Bc4 Be7 4. d4 d6 5. O-O exd4 6. Nxd4 Nf6 7. Nxc6 bxc6 8. Nd2 O-O 9. f3 d5 10. exd5 cxd5 11. Bd3 c5 12. c3 Qd6 13. Qe1 Be6 14. Rf2 c4 15. Bc2 Qb6 16. Kh1 Bc5 17. Re2 a5 18. Nf1 d4 19. cxd4 Bxd4 20. Rb1 Rfd8 21. Bg5 h6 22. Bxf6 Bxf6 23. Ng3 Rab8 24. Ne4 Bd4 25. Qg3 Bxb2 26. Rxb2 Qxb2 27. Nc5 Qc1+ 28. Re1 Qxc2 29. Nxe6 fxe6 30. Qg4 Rb1 31. Qxe6+ Kh8 32. h3 Rxe1+ 33. Qxe1 Rd1 34. Qxd1 Qxd1+ 35. Kh2 c3 36. Kg3 c2 37. a4 c1=Q 0-1


[Site "https://www.chess.com"]